 Dungeon Crawl Stone Soup version 0.25.1-2-g60ff931df9 (webtiles) character file.

Game seed: 16351054202502622553

900 Peloso the Slasher (level 7, 0/61 HPs)
             Began as a Minotaur Fighter on Aug 13, 2020.
             Succumbed to a worker ant's poison
             ... on level 6 of the Dungeon.
             The game lasted 00:08:56 (5475 turns).

Peloso the Slasher (Minotaur Fighter)               Turns: 5475, Time: 00:08:57

Health: 0/61       AC: 14    Str: 21    XL:     7   Next: 79%
Magic:  6/6        EV:  7    Int:  5    God:
Gold:   140        SH: 10    Dex: 11    Spells: 6/6 levels left

rFire    . . .     SeeInvis .   a - +1 long sword
rCold    . . .     Gourm    .   c - +0 kite shield
rNeg     . . .     Faith    .   u - +0 chain mail
rPois    .         Spirit   .   (helmet restricted)
rElec    .         Reflect  .   (no cloak)
rCorr    .         Harm     .   (no gloves)
MR       .....     Rnd*Tele +   (no boots)
Stlth    ..........             (no amulet)
HPRegen  0.20/turn              x - ring of teleportation (curse)
MPRegen  0.10/turn              d - +4 ring of protection

@: lethally poisoned (0 -> -9)
A: retaliatory headbutt, horns 2
a: no special abilities


You were on level 6 of the Dungeon.
You were not hungry.

You visited 1 branch of the dungeon, and saw 6 of its levels.

You collected 140 gold pieces.

Inventory:

Hand Weapons
 a - a +1 long sword (weapon)
Missiles
 e - 28 bolts
Armour
 b - a +0 scale mail
 c - a +0 kite shield (worn)
 u - a +0 chain mail (worn)
Jewellery
 d - a +4 ring of protection (right hand)
 s - an uncursed ring of magical power
 x - a cursed ring of teleportation (left hand)
Scrolls
 y - 2 scrolls of blinking
Potions
 g - a potion of stabbing
 h - 3 potions of curing
 i - a potion of might
 m - a potion of resistance
 r - a potion of flight
 t - a potion of mutation {unknown}
 v - a potion of cancellation {unknown}
 w - a potion of brilliance {unknown}
Comestibles
 f - 8 rations
 j - 3 chunks of flesh


   Skills:
 + Level 5.5 Fighting
 + Level 6.4 Long Blades
 + Level 6.3 Armour
 + Level 2.3 Dodging
 + Level 1.0 Stealth
 + Level 5.8 Shields


You had 6 spell levels left.
You didn't know any spells.
Your spell library contained the following spells:

 Spells                   Type           Power        Failure   Level  Hunger
 Magic Dart               Conj           #...         100%        1    ##.....
 Searing Ray              Conj           #.....       100%        2    ###....
 Dazzling Flash           Conj/Hex       #.....       100%        3    ####...
 Fulminant Prism          Conj/Hex       #.........   100%        4    #####..
 Iskenderun's Mystic Bla  Conj/Tloc      #.......     100%        4    #####..


Dungeon Overview and Level Annotations

Branches:
Dungeon (6/15)
 Temple: D:4-7

Altars:
Dithmenos
Ru


Innate Abilities, Weirdness & Mutations

You reflexively headbutt those who attack you in melee.
You have a pair of horns on your head.


Message History

You kill the adder!
* * * LOW HITPOINT WARNING * * *
You feel sick.
Your shield and chain mail prevent you from hitting the worker ant.
The worker ant is severely wounded.
* * * LOW HITPOINT WARNING * * *
You feel sick.
The worker ant bites you but does no damage.
You block the worker ant's attack.
Your chain mail prevents you from hitting the worker ant.
The worker ant is severely wounded.
The worker ant bites you.
* * * LOW HITPOINT WARNING * * *
You are more poisoned.
The worker ant poisons you!
Unknown command.
You hit the worker ant but do no damage.
Your headbutt misses the worker ant.
The worker ant is severely wounded.
You die...

..# #. .[#
. .. .##.#
. ...## ...
....#
#......
#..####...#
#.!.Z..
#...@a...#
#.l...n
######.#.#
#......
#...#
#......
#....#
#.^....
#.....#
#......
#.....#
#....(l
#.....#
+..?...
#.....#
#######
#......


You could see a worker ant.

Vanquished Creatures
  Grinder (D:4)
  Sigmund (D:2)
  An ogre (D:4)
  A crimson imp (D:5)
  An orc priest (D:3)
  2 orc wizards
  Ijyb (D:5)
  A worker ant (D:6)
  A worker ant zombie (D:2)
  11 gnolls
  8 adders
  An adder zombie (D:5)
  2 worms
  A dart slug (D:1)
  A leopard gecko (D:4)
  14 orcs
  2 ball pythons (D:1)
  2 giant cockroaches
  12 goblins
  9 hobgoblins
  10 kobolds
  8 bats
  6 frilled lizards
  A quokka skeleton (D:4)
  10 rats
108 creatures vanquished.

Notes
Turn   | Place    | Note
-------+----------+-------------------------------------------
     0 | D:1      | Peloso the Minotaur Fighter began the quest for the Orb.
     0 | D:1      | Reached XP level 1. HP: 19/19 MP: 0/0
   105 | D:1      | Reached XP level 2. HP: 25/27 MP: 1/1
   978 | D:1      | Reached XP level 3. HP: 33/33 MP: 2/2
  1528 | D:2      | Found a sacrificial altar of Ru.
  1541 | D:2      | Reached XP level 4. HP: 38/41 MP: 3/3
  2020 | D:2      | Reached skill level 1 in Dodging
  2024 | D:2      | Reached XP level 5. HP: 29/47 MP: 4/4
  2341 | D:2      | Noticed Sigmund
  2355 | D:2      | Killed Sigmund
  2355 | D:2      | Reached skill level 5 in Fighting
  2355 | D:2      | Reached skill level 5 in Armour
  2355 | D:2      | Reached XP level 6. HP: 17/56 MP: 5/5
  2610 | D:2      | Found a faded altar of an unknown god.
  3476 | D:3      | Found a shadowy altar of Dithmenos.
  3801 | D:3      | Reached skill level 5 in Long Blades
  4206 | D:4      | Noticed Grinder
  4235 | D:4      | Killed Grinder
  4235 | D:4      | Reached skill level 5 in Shields
  4235 | D:4      | Reached XP level 7. HP: 32/61 MP: 6/6
  4888 | D:4      | Reached skill level 1 in Stealth
  5207 | D:5      | Entered Level 5 of the Dungeon
  5279 | D:5      | Noticed Ijyb
  5357 | D:5      | Killed Ijyb
  5464 | D:6      | Noticed a wyvern
  5464 | D:6      | Noticed a centaur warrior
  5474 | D:6      | HP: 1/61 [worker ant (3)]
  5475 | D:6      | Succumbed to a worker ant's poison

Illustrated notes

Levels and vault maps discovered:
D:1:      kilobyte_arrival_exit_the_forest, layout_basic, minivault_4,
          chequers_serial_rivers_micro_d
D:2:      layout_basic, first_ration, chequers_ecumenical_altar_lobes,
          hangedman_ru_absence, uniq_sigmund
D:3:      layout_basic, grunt_dithmenos_smoke
D:4:      layout_basic, serial_curves, eino_curves_02, eino_curves_04,
          uniq_grinder
D:5:      corexii_shack_village, layout_basic, makhleb_blood_cavern_becter,
          yredelemnul_forgotten_temple_becter, kiku_gazebo_garden_becter,
          lightli_minifort, uniq_ijyb
D:6:      minmay_klotski, layout_rooms, minmay_temple_entry_wispy, serial_shops,
          kennysheep_little_box, minmay_mini_ossuary

Skill      XL: |  1  2  3  4  5  6  7 |
---------------+----------------------+-----
Fighting       | 4 5 |  5.5
Armour         | 4 5 6 |  6.3
Shields        | 4 5 |  5.8
Long Blades    | 3 4 5 6 |  6.4
Dodging        | 1 2 |  2.3
Stealth        | 1 |  1.0

Action                   |  1- 3 |  4- 6 |  7- 9 || total
-------------------------+-------+-------+-------++-------
Melee: Long sword        |   113 |   140 |    89 ||   342
       Headbutt          |    13 |    21 |    20 ||    54
  Use: Potion            |     3 |     1 |       ||     4
       Scroll            |       |     2 |     9 ||    11
  Eat: Chunk             |     2 |     4 |     2 ||     8
       Ration            |       |     1 |     1 ||     2
Armor: Scale mail        |    51 |    50 |       ||   101
       Chain mail        |       |       |    53 ||    53
Dodge: Dodged            |    32 |    31 |    27 ||    90
Block: Kite shield       |    66 |    71 |    59 ||   196
       Rpst.: Long sword |     7 |     7 |     4 ||    18
